 Dungeon Crawl Stone Soup version 0.23.0 (webtiles) character file.

Game seed: 5549228993587827140

62130 LostNumber the Martial Artist (level 14, -2/125 HPs)
             Began as a Purple Draconian Transmuter on Feb 12, 2019.
             Was the Champion of Ru.
             Slain by a centaur warrior zombie (4 damage)
             ... on level 12 of the Dungeon.
             The game lasted 01:11:42 (27388 turns).

LostNumber the Martial Artist (DrTm)               Turns: 27388, Time: 01:11:43

Health: -2/125     AC: 12    Str: 12    XL:     14   Next: 63%
Magic:  0/28       EV: 15    Int: 18    God:    Ru [******]
Gold:   965        SH:  0    Dex: 13    Spells: 18/33 levels left

rFire    . . .     SeeInvis .     - Unarmed
rCold    . . .     Gourm    .   (no shield)
rNeg     . . .     Faith    .   (armour unavailable)
rPois    +         Spirit   +   (helmet restricted)
rElec    .         Reflect  .   A - scarf {repulsion}
rCorr    .         Harm     .   G - +1 pair of gloves
MR       ++...                  f - +1 pair of boots
Stlth    ..........             r - amulet of guardian spirit
HPRegen  0.30/turn              b - ring of poison resistance
MPRegen  0.21/turn              E - ring of stealth

@: about to teleport, drained, repel missiles
A: breathe power, unfitting armour, cold-blooded, no stealth, hated by all, no
charms magic, no ice magic, no necromancy magic, unskilled 1, inexperienced 1,
AC +8
a: Breathe Dispelling Energy, Draw Out Power, Power Leap, Apocalypse, Renounce
Religion


You were on level 12 of the Dungeon.
You worshipped Ru.
Ru was exalted by your worship.
You were not hungry.

You visited 2 branches of the dungeon, and saw 18 of its levels.
You also visited: Sewer.

You collected 1213 gold pieces.
You spent 248 gold pieces at shops.

Inventory:

Hand Weapons
 o - the +7 hand axe of the Radish {chop, rF+ rC+ rN+ Str-5}
   (You found it on level 4 of the Dungeon)

   It inflicts extra damage upon your enemies.
   It affects your strength (-5).
   It protects you from fire.
   It protects you from cold.
   It protects you from negative energy.
Missiles
 a - 209 arrows
 M - 2 throwing nets (quivered) {!f}
Armour
 f - a +1 pair of boots (worn)
   (You found it on level 1 of the Dungeon)
 h - a scarf of spirit shield
   (You found it on level 9 of the Dungeon)
 A - a scarf of repulsion (worn)
   (You bought it in a shop on level 7 of the Dungeon)
 G - a +1 pair of gloves (worn)
   (You found it on level 4 of the Lair of Beasts)
 O - the cursed +0 buckler of Imperfection {Dex+7, unknown}
   (You found it on level 11 of the Dungeon)

   It affects your dexterity (+7).
   It has a curse placed upon it.
Jewellery
 b - a ring of poison resistance (left hand)
   (You found it on level 4 of the Dungeon)
 r - an amulet of guardian spirit (around neck)
   (You found it on level 4 of the Dungeon)
 z - an uncursed ring of see invisible
   (You found it on level 7 of the Dungeon)
 D - a +2 ring of intelligence
   (You found it on level 3 of the Lair of Beasts)
 E - a ring of stealth (right hand)
   (You found it on level 9 of the Dungeon)
 F - an uncursed amulet of the gourmand {unknown}
   (You found it on level 4 of the Lair of Beasts)
 J - an uncursed ring of positive energy {unknown}
   (You found it on level 6 of the Lair of Beasts)
 L - a cursed amulet of inaccuracy {unknown}
   (You found it on level 11 of the Dungeon)
 N - an uncursed ring of protection from magic {unknown}
   (You found it on level 11 of the Dungeon)
Wands
 c - a wand of disintegration (34)
   (You found it on level 7 of the Dungeon)
 t - a wand of flame (29)
   (You took it off Ijyb on level 4 of the Dungeon)
 v - a wand of digging (9)
   (You found it on level 5 of the Lair of Beasts)
Scrolls
 d - 8 scrolls of teleportation {@r4}
 j - 8 scrolls of remove curse {@r2}
 m - 4 scrolls of fear
 q - 2 scrolls of enchant weapon
 w - a scroll of immolation {!r}
 y - a scroll of magic mapping
 C - 5 scrolls of enchant armour
Potions
 g - a potion of agility
 i - a potion of heal wounds {@q2}
 k - 2 potions of brilliance
 l - 4 potions of lignification {!q}
 n - 2 potions of mutation {!q}
 p - 3 potions of resistance
 s - 9 potions of curing {@q1}
 u - 6 potions of invisibility
 x - 2 potions of ambrosia {unknown}
 B - 2 potions of might
 I - a potion of magic {unknown}
 K - 3 potions of flight {unknown}
Comestibles
 e - 36 rations {!d}
 H - 3 chunks of flesh


   Skills:
 + Level 11.6(10.8) Fighting
 + Level 6.9(6.1) Dodging
 * Level 14.8(13.9) Unarmed Combat
 + Level 10.4(9.5) Spellcasting
 - Level 10.0(9.1) Transmutations


You had 18 spell levels left.
You knew the following spells:

 Your Spells              Type           Power        Failure   Level  Hunger
a - Beastly Appendage     Tmut           #####.       1%          1    None
b - Blade Hands           Tmut           #####.....   5%          5    #####..
c - Ice Form              Ice/Tmut       ####....     13%         4    ###....
s - Sticks to Snakes      Tmut           #####...     1%          2    None
x - Spider Form           Tmut/Pois      ####......   3%          3    None

Your spell library contained the following spells:

 Spells                   Type           Power        Failure   Level  Hunger
 Passwall                 Tmut/Erth      ####....     1%          2    None
 Confusing Touch          Hex            #.....       9%          1    None
 Sandblast                Erth           #.....       9%          1    None
 Poisonous Vapours        Pois/Air       #.....       13%         2    None
 Petrify                  Tmut/Erth      ####....     13%         4    ###....
 Confuse                  Hex            #.......     26%         3    None
 Conjure Flame            Conj/Fire      #.......     26%         3    None
 Gell's Gravitas          Tloc           #.........   26%         3    None
 Mephitic Cloud           Conj/Pois/Air  #.......     26%         3    None
 Stone Arrow              Conj/Erth      #.....       26%         3    None
 Yara's Violent Unravell  Hex/Tmut       ####......   34%         5    #####..
 Cause Fear               Hex            #.........   63%         4    ###....
 Lee's Rapid Deconstruct  Erth           #.........   93%         5    #####..
 Silence                  Hex/Air        #.........   93%         5    #####..
 Discord                  Hex            #.........   100%        8    #######
 Animate Skeleton         Necr           Unusable     N/A         1    N/A
 Pain                     Necr           Unusable     N/A         1    N/A
 Summon Small Mammal      Summ           Unusable     N/A         1    N/A
 Call Imp                 Summ           Unusable     N/A         2    N/A
 Call Canine Familiar     Summ           Unusable     N/A         3    N/A
 Regeneration             Chrm/Necr      Unusable     N/A         3    N/A
 Summon Guardian Golem    Hex/Summ       Unusable     N/A         3    N/A
 Vampiric Draining        Necr           Unusable     N/A         3    N/A
 Animate Dead             Necr           Unusable     N/A         4    N/A
 Summon Ice Beast         Ice/Summ       Unusable     N/A         4    N/A
 Summon Lightning Spire   Summ/Air       Unusable     N/A         4    N/A
 Metabolic Englaciation   Hex/Ice        Unusable     N/A         5    N/A
 Deflect Missiles         Chrm/Air       Unusable     N/A         6    N/A
 Freezing Cloud           Conj/Ice/Air   Unusable     N/A         6    N/A
 Ring of Flames           Chrm/Fire      Unusable     N/A         7    N/A

Dungeon Overview and Level Annotations

Branches:
Dungeon (12/15)            Temple (0/1) D:7            Lair (6/6) D:9
  Swamp (0/4) Lair:4        Snake (0/4) Lair:3        Slime (0/5) Lair:5
    Orc: D:9-12

Altars:
Cheibriados
Dithmenos
Elyvilon
Gozag
Hepliaklqana
Qazlal
Ru
Sif Muna
Trog
Uskayaw
Vehumet
Xom
Yredelemnul
Zin

Shops:
D:7 [   D:10 %

Annotations:
D:7 exclusion: door
Lair:5 exclusion: 6 oklob plants
Lair:6 3 runed translucent doors, exclusion: 3 doors, Mimig's ghost, journeyman GnTm


Innate Abilities, Weirdness & Mutations

You can breathe bolts of dispelling energy.
Your rich purple scales are hard. (AC +8)
You cannot fit into any form of body armour.
You are cold-blooded and may be slowed by cold attacks.
You cannot be stealthy.
You are hated by all.
You cannot study or cast Charms magic.
You cannot study or cast Ice magic.
You cannot study or cast Necromancy magic.
You are somewhat unskilled. (-1 Apt)
You are somewhat inexperienced. (-2 XL)


Message History

You have turned to stone.
You redirect the basilisk's attack!
The storm dragon breathes lightning at you.
The bolt of lightning hits you!!
* * * LOW HITPOINT WARNING * * *
The crimson imp drinks a potion.
The crimson imp flickers and vanishes!
Deactivating autopickup; reactivate with Ctrl-A.
The storm dragon begins to attack, but is stunned by your will!
The basilisk gazes at you. You resist with almost no effort.
The storm dragon breathes lightning at you.
The bolt of lightning hits you!!
* * * LOW HITPOINT WARNING * * *
You hear an angry hiss.
Your hands revert to their normal proportions.
Your +1 pair of gloves unmelds from your body.
The basilisk bites you but does no damage.
The storm dragon bites you but does no damage.
The storm dragon claws you!
* * * LOW HITPOINT WARNING * * *
The storm dragon tramples you.
* * * LOW HITPOINT WARNING * * *
You are shoved backwards!
You redirect the storm dragon's attack!
The storm dragon bites the basilisk!!
The storm dragon claws the basilisk.
The storm dragon tramples the basilisk!
The basilisk stumbles backwards!
You turn to flesh and can move again.
A centaur warrior zombie comes into view.
You redirect the basilisk's attack!
As you read the scroll of fear, it crumbles to dust.
You assume a fearsome visage.
The basilisk looks frightened!
The storm dragon easily resists.
The iguana looks frightened!
The centaur warrior zombie is unaffected.
You feel less exhausted.
A skeletal warrior comes into view. It is wielding a +0 battleaxe.
The centaur warrior zombie hits you but does no damage.
As you read the scroll of teleportation {@r4}, it crumbles to dust.
You feel strangely unstable.
The centaur warrior zombie is stunned by your will and fails to attack.
The storm dragon breathes lightning at you.
The bolt of lightning hits you!!
* * * LOW HITPOINT WARNING * * *
The basilisk begins to attack, but is stunned by your will!
The centaur warrior zombie barely misses you.
You feel much better. The storm dragon bites you!!
* * * LOW HITPOINT WARNING * * *
The storm dragon barely misses you. The storm dragon tramples you.
* * * LOW HITPOINT WARNING * * *
You stumble backwards!
The centaur warrior zombie hits you.
You die...

#..# #...# #...# #####..#
#...# #...##
......#####...####.....
.......................
#z.............)..... #
#...........l..###†## #.
#..............# #..#
#.########...Z....{.....##.##l
#............@D).........## ##
#.......................#.# #
#...............###.....##..
#...............# #.....# ..#
#...<...........# #.....# #..
#...............# #...#..# ##
#.......<†......# #...#.#.
#...............#
#...............


You could see a storm dragon, a skeletal warrior and a centaur warrior zombie.

Vanquished Creatures
  Harold (D:11)
  2 catoblepae
  9 hydras
  7 death yaks
  5 two-headed ogres
  Sonja (D:11)
  A skeletal warrior (D:12)
  A deep elf archer (D:12)
  A lindwurm (Lair:4)
  2 ugly things (D:11)
  A cyclops (D:11)
  3 manticores
  6 elephants
  A black mamba (shapeshifter) (D:12)
  11 black mambas
  2 gargoyles
  3 rime drakes
  10 spiny frogs
  2 kobold demonologists (D:11)
  7 komodo dragons
  2 queen bees
  3 meliai (Lair:4)
  A hornet (D:12)
  2 trolls
  2 polar bears
  17 blink frogs
  10 hippogriffs
  4 dream sheep (Lair:6)
  44 yaks
  5 wyverns
  A vampire (D:10)
  2 hungry ghosts
  A vampire mosquito (D:12)
  4 steam dragons
  4 basilisks
  Menkaure (D:4)
  2 swamp worms (Lair:4)
  Edmund (D:4)
  14 water moccasins
  8 orc warriors
  6 porcupines
  6 black bears
  5 ice beasts
  4 sky beasts
  An eye of draining (D:12)
  3 phantoms
  3 centaurs
  3 ogres
  6 wolves
  Blork the orc (D:6)
  4 big kobolds
  13 crocodiles
  23 bullfrogs
  A wyvern zombie (D:11)
  5 scorpions
  47 killer bees
  8 wights
  2 electric eels
  4 crimson imps
  5 bullfrog zombies
  3 centaur zombies
  2 hounds
  10 orc priests
  6 worker ants
  A bullfrog skeleton (D:8)
  Terence (D:2)
  7 iguanas
  12 orc wizards
  A killer bee zombie (D:7)
  A hound zombie (D:5)
  Robin (D:1)
  22 adders
  5 gnolls
  5 river rats
  7 shadow imps
  3 oozes (Sewer)
  An adder skeleton (D:6)
  6 worms (Sewer)
  5 leopard geckos
  60 orcs
  4 ball pythons
  6 giant cockroaches
  6 hobgoblins
  23 jackals
  14 kobolds
  5 quokkas
  9 bats
  6 frilled lizards
  18 goblins
  2 jackal zombies
  A leopard gecko skeleton (D:7)
  2 quokka skeletons (D:6)
  7 rats
  7 fungi
  7 plants
630 creatures vanquished.

Vanquished Creatures (collateral kills)
  A two-headed ogre (D:10)
  A blink frog (Lair:1)
  A water moccasin (D:10)
  A phantom (D:6)
  2 killer bees (D:9)
  A bullfrog zombie (D:5)
  An orc wizard (D:3)
  A bullfrog skeleton (D:10)
  Ijyb (D:4)
  A gnoll (D:5)
  A howler monkey skeleton (D:9)
  2 adders (Sewer)
  An orc (D:3)
  A ball python (Sewer)
  2 rats (D:5)
18 creatures vanquished.

Vanquished Creatures (others)
  A catoblepas (Lair:5)
  A hippogriff (Lair:4)
  A hound skeleton (D:6)
  An orc (D:5)
  A jackal (D:6)
  A kobold (D:10)
  A rat (D:5)
  19 fungi
  11 plants
37 creatures vanquished.

Grand Total: 685 creatures vanquished

Notes
Turn   | Place    | Note
-------+----------+-------------------------------------------
     0 | D:1      | LostNumber the Draconian Transmuter began the quest for the
                  | Orb.
     0 | D:1      | Reached XP level 1. HP: 16/16 MP: 3/3
    39 | D:1      | Reached XP level 2. HP: 21/23 MP: 3/5
   139 | D:1      | Learned a level 2 spell: Sticks to Snakes
   397 | D:1      | Reached XP level 3. HP: 24/29 MP: 6/6
  1066 | D:2      | Found a snail-covered altar of Cheibriados.
  1069 | D:2      | Found a hide-covered altar of Uskayaw.
  1072 | D:2      | Found a bloodstained altar of Trog.
  1092 | D:2      | Found a shadowy altar of Dithmenos.
  1218 | D:2      | Noticed Robin
  1507 | D:1      | Killed Robin
  1507 | D:1      | Reached XP level 4. HP: 24/36 MP: 5/7
  1619 | D:2      | Learned a level 3 spell: Spider Form
  1702 | D:3      | Noticed an orc warrior
  1810 | D:3      | Noticed Terence
  1826 | D:2      | Reached skill level 4 in Unarmed Combat
  2035 | D:2      | Killed Terence
  2211 | D:2      | Reached XP level 5. HP: 34/42 MP: 7/9
  2541 | D:3      | Found a sacrificial altar of Ru.
  2556 | D:3      | Became a worshipper of Ru the Awakened
  2912 | D:4      | Got an ancient hand axe
  2913 | D:4      | Identified the +7 hand axe of the Radish {chop, rF+ rC+ rN+
                  | Str-5} (You found it on level 4 of the Dungeon)
  2968 | D:4      | Reached XP level 6. HP: 51/51 MP: 6/10
  3148 | D:4      | Reached skill level 5 in Unarmed Combat
  3570 | D:4      | Noticed Ijyb
  3589 | D:4      | Killed Ijyb
  3913 | D:4      | Noticed Edmund
  3944 | D:4      | Killed Edmund
  3944 | D:4      | Your scales start taking on a rich purple colour.
  3944 | D:4      | Reached XP level 7. HP: 41/58 MP: 10/13
  4150 | D:4      | Gained mutation: You are somewhat inexperienced. (-2 XL)
                  | [Ru sacrifice]
  4150 | D:4      | Reached XP level 6. HP: 52/52 MP: 12/12
  4150 | D:4      | Reached XP level 5. HP: 46/46 MP: 11/11
  4150 | D:4      | Reached * piety under Ru
  4150 | D:4      | Reached ** piety under Ru
  4172 | D:4      | Noticed Menkaure
  4183 | D:4      | Killed Menkaure
  4218 | D:4      | Found a radiant altar of Vehumet.
  4253 | D:4      | Reached XP level 6. HP: 50/52 MP: 12/12
  4461 | D:4      | Learned a level 4 spell: Ice Form
  4483 | D:5      | Entered Level 5 of the Dungeon
  4518 | D:5      | Found a radiant altar of Vehumet.
  4537 | D:5      | Reached skill level 6 in Unarmed Combat
  4990 | D:5      | Reached skill level 1 in Ice Magic
  5013 | D:5      | Found a glowing drain.
  5055 | Sewer    | Entered a sewer
  5300 | Sewer    | Reached skill level 5 in Spellcasting
  5300 | Sewer    | Reached XP level 7. HP: 55/60 MP: 11/14
  6353 | D:5      | Reached skill level 7 in Unarmed Combat
  7297 | D:3      | Reached skill level 5 in Fighting
  7297 | D:3      | Reached XP level 8. HP: 48/68 MP: 9/16
  7321 | D:3      | Reached skill level 5 in Transmutations
  7388 | D:3      | Learned a level 5 spell: Blade Hands
  7580 | D:3      | Found a shimmering altar of Xom.
  7580 | D:3      | Found a basalt altar of Yredelemnul.
  7931 | D:6      | Noticed Blork the orc
  7962 | D:6      | Killed Blork the orc
  8038 | D:6      | Found a white marble altar of Elyvilon.
  8798 | D:6      | Reached skill level 8 in Unarmed Combat
  9269 | D:7      | Got a warped golden ring
  9270 | D:7      | Identified the cursed ring "Fitut" {EV-3 Int+7} (You found
                  | it on level 7 of the Dungeon)
  9297 | D:7      | Found a sacrificial altar of Ru.
  9306 | D:7      | Found Lumyiz's Antique Armour Boutique.
  9309 | D:7      | Bought a runed scarf for 248 gold pieces
  9370 | D:7      | Reached XP level 9. HP: 52/75 MP: 15/18
  9427 | D:7      | Found a staircase to the Ecumenical Temple.
  9856 | D:7      | Found a deep blue altar of Sif Muna.
  9962 | D:8      | Noticed a troll
 10151 | D:8      | Reached skill level 9 in Unarmed Combat
 10551 | D:8      | Killed a troll
 11395 | D:9      | Reached XP level 10. HP: 41/86 MP: 16/21
 12087 | D:9      | Found a deep blue altar of Sif Muna.
 12090 | D:9      | Found a stormy altar of Qazlal.
 12090 | D:9      | Found a hazy altar of Hepliaklqana.
 12135 | D:9      | Found a glowing silver altar of Zin.
 12145 | D:9      | Reached skill level 10 in Unarmed Combat
 12577 | D:9      | Found a staircase to the Lair.
 13029 | D:9      | Gained mutation: You cannot study or cast Ice magic. [Ru
                  | sacrifice]
 13029 | D:9      | Gained mutation: You cannot study or cast Necromancy magic.
                  | [Ru sacrifice]
 13029 | D:9      | Gained mutation: You cannot study or cast Charms magic. [Ru
                  | sacrifice]
 13029 | D:9      | Reached *** piety under Ru
 13172 | D:9      | Found an opulent altar of Gozag.
 13416 | D:10     | Entered Level 10 of the Dungeon
 13416 | D:10     | Found a stormy altar of Qazlal.
 13423 | D:10     | Noticed a gargoyle
 13674 | D:10     | Noticed a two-headed ogre
 13684 | D:10     | Killed a two-headed ogre
 13684 | D:10     | Reached skill level 11 in Unarmed Combat
 14106 | D:10     | Found Konecumu's Food Shop.
 14270 | D:9      | Reached XP level 11. HP: 50/95 MP: 20/23
 14872 | Lair:1   | Entered Level 1 of the Lair of Beasts
 16594 | Lair:2   | Reached skill level 12 in Unarmed Combat
 16703 | Lair:2   | Gained mutation: You are hated by all. [Ru sacrifice]
 16703 | Lair:2   | Reached **** piety under Ru
 17480 | Lair:3   | You fall through a shaft for 2 floors!
 18063 | Lair:3   | Reached XP level 12. HP: 104/106 MP: 19/25
 18097 | Lair:3   | Reached skill level 10 in Fighting
 18221 | Lair:3   | Found a staircase to the Snake Pit.
 18232 | Lair:3   | Reached skill level 13 in Unarmed Combat
 18249 | Lair:3   | Reached skill level 1 in Stealth
 18279 | Lair:3   | HP: 5/106 [poisoned by a black mamba]
 18286 | Lair:3   | HP: 4/106 [poisoned by a black mamba]
 18293 | Lair:3   | HP: 4/106 [poisoned by a black mamba]
 18301 | Lair:3   | HP: 4/106 [poisoned by a black mamba]
 19208 | D:10     | Noticed a two-headed ogre
 19220 | D:10     | Killed a two-headed ogre
 19471 | D:10     | Gained mutation: You are somewhat unskilled. (-1 Apt) [Ru
                  | sacrifice]
 19471 | D:10     | Reduced skill Unarmed Combat to level 12
 19471 | D:10     | Reached ***** piety under Ru
 19852 | Lair:4   | Noticed a death yak
 19854 | Lair:4   | Noticed a five-headed hydra
 19855 | Lair:4   | Noticed a death yak
 19858 | Lair:4   | Noticed an eight-headed hydra
 19863 | Lair:4   | Killed a death yak
 19929 | Lair:3   | Killed an eight-headed hydra
 20332 | Lair:4   | Noticed a catoblepas
 20575 | Lair:4   | Killed a five-headed hydra
 20953 | Lair:4   | Reached skill level 10 in Fighting
 21173 | Lair:4   | Killed a catoblepas
 21175 | Lair:4   | Reached skill level 13 in Unarmed Combat
 21442 | Lair:4   | Reached XP level 13. HP: 90/113 MP: 16/25
 22396 | Lair:4   | Reached skill level 5 in Dodging
 22647 | Lair:4   | Gained mutation: You cannot be stealthy. [Ru sacrifice]
 22647 | Lair:4   | Reached ****** piety under Ru
 22912 | Lair:4   | Found a staircase to the Swamp.
 24589 | Lair:6   | Entered Level 6 of the Lair of Beasts
 24933 | Lair:6   | Reached skill level 14 in Unarmed Combat
 25247 | Lair:6   | Reached XP level 14. HP: 124/124 MP: 22/27
 25255 | Lair:6   | Reached skill level 10 in Spellcasting
 25505 | Lair:6   | Found a runed translucent gate.
 25505 | Lair:6   | Found a runed translucent gate.
 25517 | Lair:6   | Found a runed translucent gate.
 25640 | Lair:6   | Noticed Mimig's ghost (journeyman GnTm)
 26032 | Lair:6   | Reached skill level 10 in Transmutations
 26520 | D:11     | Noticed Sonja
 26527 | D:11     | Killed Sonja
 26720 | D:11     | Noticed Harold
 26731 | D:11     | Killed Harold
 26952 | D:11     | Got a faintly humming buckler
 27355 | D:12     | Noticed a storm dragon
 27388 | D:12     | HP: 2/125 [storm dragon (5)]
 27388 | D:12     | Slain by a centaur warrior zombie

Skill      XL: |  1  2  3  4  5  6  7  8  9 10 11 12 13 14 |
---------------+-------------------------------------------+-----
Fighting       | 2 3 4 5 7 8 9 10 11 | 11.6
Unarmed Combat | 4 6 7 8 9 11 12 13 14 | 14.8
Transmutations | 4 5 6 7 9 8 9 10 | 10.0
Spellcasting   | 3 5 6 7 8 9 8 9 10 | 10.4
Ice Magic      | 1 2 0 |  0.0
Dodging        | 2 4 5 6 |  6.9
Stealth        | 2 0 |  0.0

Action                   |  1- 3 |  4- 6 |  7- 9 | 10-12 | 13-15 || total
-------------------------+-------+-------+-------+-------+-------++-------
Melee: Unarmed           |   157 |   268 |   617 |   694 |   551 ||  2287
       Kick              |     4 |       |       |       |       ||     4
       Tailslap          |    16 |    23 |    37 |    51 |    64 ||   191
       Headbutt          |    11 |    26 |    44 |    30 |    18 ||   129
       Punch             |       |     4 |    11 |    16 |    30 ||    61
 Cast: Beastly Appendage |    20 |    24 |    42 |    31 |    11 ||   128
       Spider Form       |       |    10 |    27 |    25 |       ||    62
       Sticks to Snakes  |       |    13 |    19 |    27 |       ||    59
       Blade Hands       |       |       |       |    30 |    36 ||    66
Invok: Sacrifice Experie |       |     1 |       |       |       ||     1
       Reject Sacrifices |       |       |     1 |       |       ||     1
       Sacrifice Arcana  |       |       |       |     1 |       ||     1
       Sacrifice Love    |       |       |       |     1 |       ||     1
       Apocalypse        |       |       |       |     3 |     5 ||     8
       Draw Out Power    |       |       |       |     1 |     1 ||     2
       Sacrifice Skill   |       |       |       |     1 |       ||     1
       Sacrifice Stealth |       |       |       |       |     1 ||     1
 Abil: Breathe Dispellin |       |     1 |       |       |     1 ||     2
       End Transformatio |       |       |     1 |       |     1 ||     2
  Use: Scroll            |       |     6 |     7 |    10 |     4 ||    27
       Potion            |       |       |       |       |     1 ||     1
 Stab: Sleeping          |     1 |       |     1 |     1 |       ||     3
       Invisible         |       |     2 |       |     8 |     3 ||    13
       Distracted        |       |       |     3 |     6 |       ||     9
       Paralysed         |       |       |       |    21 |    21 ||    42
       Petrified         |       |       |       |     2 |     1 ||     3
  Eat: Chunk             |     2 |     8 |    22 |    31 |    23 ||    86
       Ration            |       |     2 |       |     3 |     2 ||     7
Armor: Skin              |    58 |    73 |    93 |   102 |   138 ||   464
Dodge: Dodged            |   123 |   175 |   375 |   472 |   363 ||  1508
       Deflected         |       |       |     1 |     4 |     9 ||    14
